 Dungeon Crawl Stone Soup version 0.18.1-50-g88ac8fd (webtiles) character file.

394 recordrepeat the Shield-Bearer (level 6, 0/53 HPs)
             Began as a Hill Orc Fighter on Oct 21, 2016.
             Was an Initiate of Beogh.
             Slain by a gnoll
             ... wielding a +0 halberd
              (5 damage)
             ... on level 4 of the Dungeon.
             The game lasted 00:10:12 (3263 turns).

recordrepeat the Shield-Bearer (Hill Orc Fighter)   Turns: 3263, Time: 00:10:15

Health: 0/53       AC:  7    Str: 20    XL:     6   Next: 82%
Magic:  6/6        EV:  7    Int:  8    God:    Beogh [......]
Gold:   257        SH:  9    Dex: 11    Spells: 0 memorised, 5 levels left

rFire  . . .     SeeInvis .     a - +0 war axe
rCold  . . .     Gourm    .     b - +0 scale mail
rNeg   . . .     Faith    +     c - +0 shield
rPois  .         Spirit   .     p - +0 helmet
rElec  .         Dismiss  .     (no cloak)
rCorr  .         Reflect  .     (no gloves)
SustAt .         Harm     .     (no boots)
MR     .....                    v - amulet of faith
Stlth  ..........               (no ring)
                                (no ring)

@: glowing, heavily drained, not resistant to hostile enchantments, extremely
unstealthy
A: no striking features
a: Renounce Religion


You were on level 4 of the Dungeon.
You worshipped Beogh.
Beogh was noncommittal.
You were not hungry.

You visited 1 branch of the dungeon, and saw 4 of its levels.

You collected 257 gold pieces.

Inventory:

Hand Weapons
 a - a +0 war axe (weapon)
Armour
 b - a +0 scale mail (worn)
 c - a +0 shield (worn)
 p - a +0 helmet (worn)
Jewellery
 v - an amulet of faith (around neck)
Scrolls
 e - a scroll of identify
 i - a scroll of random uselessness {unknown}
 s - a scroll of enchant armour {unknown}
 t - a scroll of teleportation {unknown}
 u - a scroll of blinking {unknown}
Potions
 d - a potion of might
 g - 2 potions of invisibility {unknown}
 k - 3 potions of haste {unknown}
 l - a potion of cancellation {unknown}
 n - a potion of heal wounds {unknown}
 x - a potion of degeneration {unknown}
Comestibles
 f - 2 bread rations
 h - a meat ration
 j - a slice of pizza
 w - 2 beef jerkies


   Skills:
 + Level 4.4(1.9) Fighting
 + Level 4.0(1.4) Axes
 + Level 4.5(1.9) Armour
 + Level 2.6(0.2) Dodging
 + Level 5.3(2.7) Shields


You had 5 spell levels left.
You didn't know any spells.

Dungeon Overview and Level Annotations

Branches:
Dungeon (4/15)
 Temple: D:4-7

Altars:
Nemelex Xobeh
The Shining One
Beogh


Message History

* * * LOW HITPOINT WARNING * * *
You feel drained.
* * * LOW HITPOINT WARNING * * *
You feel better.
The gnoll hits you from afar with a spear.
* * * LOW HITPOINT WARNING * * *
The gnoll shaman hits you but does no damage.
You feel drained. The gnoll hits you but does no damage.
The gnoll hits you from afar with a spear.
* * * LOW HITPOINT WARNING * * *
You feel better. You block the gnoll shaman's attack.
You block the gnoll's attack.
Your shield prevents you from hitting the gnoll shaman.
The gnoll shaman is heavily wounded.
The gnoll shaman hits you with a whip of draining.
* * * LOW HITPOINT WARNING * * *
You feel drained.
* * * LOW HITPOINT WARNING * * *
The gnoll hits you from afar with a halberd.
You die...

#.#####.........#......#
#....#.########.#####....
#.#.#.# #.# ##
#...#.########.#
##............# #
##.#####.#####.####
###.######.# #....#
.#.##...... #.##.#
#.#...>.##. #@##.#
###.....##.#####g##.#
#............g†g.##.#
#.#.....##.#.(#####.#
#.#.....# #..# #.#
..###.### #g%# #.#
#.....# #..# ... ..#####
#)†# #.# #...


You could see a gnoll shaman and a gnoll.

Vanquished Creatures
  Sigmund (D:3)
  Natasha (twice) (D:3)
  Robin (D:2)
  4 gnolls
  5 adders
  An ooze (D:2)
  2 worms
  A dart slug (D:1)
  3 giant geckos
  An orc (D:3)
  A giant cockroach (D:1)
  5 hobgoblins
  6 jackals
  9 kobolds
  A quokka (D:2)
  7 bats
  4 giant newts
  12 goblins
  12 rats
78 creatures vanquished.

Vanquished Creatures (others)
  2 orcs (D:3)
2 creatures vanquished.

Grand Total: 80 creatures vanquished

Notes
Turn   | Place    | Note
--------------------------------------------------------------
     0 | D:1      | recordrepeat the Hill Orc Fighter began the quest for the Orb.
     0 | D:1      | Reached XP level 1. HP: 19/19 MP: 1/1
    49 | D:1      | Reached XP level 2. HP: 16/27 MP: 2/2
   448 | D:1      | Reached XP level 3. HP: 33/33 MP: 3/3
  1216 | D:2      | Found a sparkling altar of Nemelex Xobeh.
  1284 | D:2      | Noticed Robin
  1293 | D:2      | Killed Robin
  1293 | D:2      | Reached skill level 1 in Dodging
  1293 | D:2      | Reached skill level 4 in Shields
  1293 | D:2      | Reached XP level 4. HP: 28/40 MP: 4/4
  2199 | D:2      | Reached XP level 5. HP: 43/46 MP: 5/5
  2387 | D:3      | Noticed Sigmund
  2394 | D:3      | Killed Sigmund
  2394 | D:3      | Reached skill level 5 in Shields
  2394 | D:3      | Reached XP level 6. HP: 49/53 MP: 6/6
  2895 | D:3      | Noticed Natasha
  2903 | D:3      | Killed Natasha
  2956 | D:3      | Found a glowing golden altar of the Shining One.
  2992 | D:3      | Noticed Natasha
  3003 | D:3      | Killed Natasha
  3120 | D:3      | Found a roughly hewn altar of Beogh.
  3121 | D:3      | Became a worshipper of Beogh the Brigand
  3258 | D:4      | HP: 1/53 [gnoll shaman/whip of draining (3)]
  3263 | D:4      | Slain by a gnoll

Skill      XL: |  1  2  3  4  5  6 |
---------------+-------------------+-----
Axes           | 3 4 |  4.0
Fighting       | 4 |  4.4
Dodging        | 1 2 |  2.6
Shields        | 4 5 |  5.3
Armour         | 4 |  4.5

Action                   |  1- 3 |  4- 6 || total
-------------------------+-------+-------++-------
Melee: War axe           |    84 |   235 ||   319
       Falchion          |       |    11 ||    11
Invok: Convert to Beogh  |       |     1 ||     1
  Use: Potion            |       |     5 ||     5
       Scroll            |       |     6 ||     6
  Eat: Chunk             |     1 |     7 ||     8
Armor: Scale mail        |    39 |   119 ||   158
Dodge: Dodged            |    28 |    91 ||   119
Block: Shield            |    49 |   180 ||   229
